 Dungeon Crawl Stone Soup version 0.31-a0-986-g5e6e4ef867 (webtiles) character file.

Game seed: 9112135709094712819

7184 Spaninq the Grappler (level 10, -6/100 HPs)
             Began as a Troll Ice Elementalist on Nov 18, 2023.
             Was a High Priest of Dithmenos.
             Mangled by a merfolk
             ... wielding a +0 trident
              (19 damage)
             ... on level 9 of the Dungeon.
             The game lasted 00:23:30 (8080 turns).

Spaninq the Grappler (Troll Ice Elementalist)       Turns: 8080, Time: 00:23:31

Health: -6/100     AC:  7    Str: 18    XL:     10   Next: 86%
Magic:  11/15      EV: 10    Int: 15    God:    Dithmenos [*****.]
Gold:   636        SH:  0    Dex: 16    Spells: 10/17 levels left

rFire   + .          .
                       - Unarmed
rCold   . . .        (no shield)
rNeg    . . .        a - +0 robe
rPois   .            (helmet restricted)
rElec   .            y - +2 cloak
rCorr   .            (gloves unavailable)
SInv    .            (boots unavailable)
Will    .....        (no amulet)
Stlth   +++          q - ring of protection from fire
HPRegen 1.16/turn    w - +6 ring of dexterity
MPRegen 0.14/turn

%: no passive effects
@: wreathed by umbra
A: large, unfitting armour, claws 3, regeneration 1, shaggy fur 1, tough skin 1
a: Renounce Religion, Shadow Step, Shadow Form


You were on level 9 of the Dungeon.
You worshipped Dithmenos.
Dithmenos was extremely pleased with you.
You visited 1 branch of the dungeon, and saw 9 of its levels.

You collected 636 gold pieces.

Inventory:

Hand Weapons
 c - a +1 dagger of venom
 g - a +3 hand axe
Armour
 a - a +0 robe (worn)
 y - a +2 cloak (worn)
 B - a +0 kite shield
Jewellery
 q - a ring of protection from fire (left claw)
 w - a +6 ring of dexterity (right claw)
Wands
 l - a wand of polymorph (19)
Scrolls
 f - 4 scrolls of identify {unknown}
 h - 3 scrolls of revelation {unknown}
 i - a scroll of fear {unknown}
 j - 6 scrolls of teleportation {unknown}
 m - 2 scrolls of vulnerability {unknown}
 o - 2 scrolls of amnesia {unknown}
 p - 5 scrolls of enchant weapon {unknown}
 r - a scroll of torment {unknown}
 s - 2 scrolls of fog {unknown}
 v - a scroll of immolation {unknown}
 x - a scroll of butterflies {unknown}
 A - a scroll of poison {unknown}
Potions
 b - a potion of magic
 d - 2 potions of curing {unknown}
 e - 3 potions of haste
 k - a potion of brilliance {unknown}
 n - a potion of ambrosia {unknown}
 t - 2 potions of cancellation {unknown}
 u - a potion of attraction {unknown}
 z - a potion of degeneration {unknown}
 C - a potion of might {unknown}
 D - a potion of enlightenment {unknown}


   Skills:
 + Level 6.6 Fighting
 - Level 1.5 Dodging
 - Level 1.0 Stealth
 * Level 11.2 Unarmed Combat
 + Level 4.1 Spellcasting
 + Level 6.1 Ice Magic


You had 10 spell levels left.
You knew the following spells:

 Your Spells              Type           Power      Damage    Failure   Level
a - Freeze                Ice            84%        1d9       1%          1
b - Frozen Ramparts       Ice            42%        1d7       4%          3
c - Ozocubu's Armour      Ice            21%        N/A       4%          3

Your spell library contained the following spells:

 Spells                   Type           Power      Damage    Failure   Level
 Hailstorm                Conj/Ice       12%        3d5       16%         3
 Summon Ice Beast         Ice/Summ       12%        N/A       45%         4
 Volatile Blastmotes      Fire/Tloc      6%         2d10      47%         3
 Animate Dead             Necr           3%         N/A       87%         4
 Fulminant Prism          Conj/Hex       1%         3d5       87%         4
 Iskenderun's Mystic Bla  Conj/Tloc      3%         2d3       87%         4
 Borgnjor's Vile Clutch   Necr/Erth      1%         N/A       99%         5
 Death Channel            Necr           1%         N/A       100%        6
 Simulacrum               Ice/Necr       6%         N/A       100%        6


Dungeon Overview and Level Annotations

Branches:
Dungeon (9/15)             Temple (0/1) D:6
   Lair: D:8-11         Orc: D:9-12

Altars:
Dithmenos
Okawaru
Xom
Zin

Shops:
D:1 !   D:2 (   D:6 [

Annotations:
D:9 3 runed translucent doors, Skeral's ghost, novice FeCA


Innate Abilities, Weirdness & Mutations

You are too large for most types of armour.
You have claws for hands.
Your natural rate of healing is unusually fast.
You are covered in fur. (AC +1)
You have tough skin. (AC +1)


Message History

You see here a throwing net.
You struggle against the net.
The gnoll shouts!
The merfolk barely misses you.
You struggle against the net.
The merfolk hits you from afar with a +0 trident!
You shred the net and break free!
The merfolk hits you from afar with a +0 trident!!
The gnoll sergeant hits you with a +0 spear!
You barely miss the gnoll sergeant. You claw the gnoll sergeant!
The gnoll sergeant is heavily wounded.
The merfolk closely misses you.
You scratch the gnoll sergeant but do no damage.
You claw the gnoll sergeant!
The gnoll sergeant is severely wounded.
The merfolk hits you from afar with a +0 trident.
You scratch the gnoll sergeant but do no damage.
You claw the gnoll sergeant!
You kill the gnoll sergeant!
Dithmenos accepts your kill. The merfolk barely misses you.
You closely miss the gnoll.
The gnoll hits you with a +0 long sword!
The merfolk closely misses you.
You mangle the gnoll!!
You kill the gnoll!
Dithmenos accepts your kill. The merfolk hits you with a +0 trident!
* * * LOW HITPOINT WARNING * * *
Things that are here:
a +0 spear; a +0 scale mail; a gnoll corpse You miss the merfolk.
Your claw misses the merfolk.
Your shadow closely misses the merfolk.
The merfolk hits you with a +0 trident!
* * * LOW HITPOINT WARNING * * *
You barely miss the merfolk. Your shadow hits the merfolk.
The merfolk barely misses you.
You scratch the merfolk.
The merfolk is lightly wounded.
The merfolk hits you with a +0 trident!!
You die...

####..#.~~###)###~~.#
#....##.~###)).###~.#
## #.####≈≈##.......#
~# .# #.#
#≈≈####...### ≈#
.####.# #≈≈##.......#
# ...##.#
#≈≈####.).###
.#....####≈≈##.......#
.###....<.≈≈####...###
.# #######~≈##(.@m..)#
.# ###)..### ##
......##≈≈#
##...####≈≈# ≈≈#
...... #≈≈# #≈≈#
#...####≈≈# #####≈≈#
..... #≈≈# #....≈≈##
#..!####≈~### #
#.....~~### ###~~...#


You could see a merfolk.

Vanquished Creatures
  A two-headed ogre (D:9)
  Pikel (D:5)
  A troll (D:6)
  Prince Ribbit (D:9)
  2 hornets (D:9)
  Sigmund (D:2)
  A shadow (D:7)
  5 yaks (D:9)
  A water moccasin (D:5)
  An ice beast (D:3)
  3 orc warriors
  A sky beast (D:7)
  3 black bears
  An ogre (D:6)
  4 centaurs
  2 lemures (D:5)
  2 phantoms
  2 kobold brigands (D:9)
  2 gnoll sergeants
  3 scorpions
  3 bullfrogs
  8 wights
  8 killer bees (D:9)
  4 howler monkeys
  5 hounds
  8 orc priests
  A gnoll bouda (D:8)
  Crazy Yiuf (D:6)
  A jelly (D:8)
  8 orc wizards
  Jessica (D:2)
  4 sleepcaps
  Ijyb (D:3)
  9 iguanas
  Robin (D:2)
  18 gnolls
  3 adders
  A white imp (D:6)
  2 ufetubi (D:6)
  2 worms
  30 orcs
  4 ball pythons
  2 bats
  8 endoplasms
  3 giant cockroaches
  8 goblins
  10 hobgoblins
  4 jackals
  4 quokkas
  3 frilled lizards
  12 kobolds
  6 rats
221 creatures vanquished.

Notes
Turn   | Place    | Note
-------+----------+-------------------------------------------
     0 | D:1      | Spaninq the Troll Ice Elementalist began the quest for the
                  | Orb.
     0 | D:1      | Reached XP level 1. HP: 16/16 MP: 1/1
    60 | D:1      | Found Radek's Distillery.
   111 | D:1      | Reached XP level 2. HP: 24/24 MP: 3/3
   127 | D:1      | Reached skill level 1 in Unarmed Combat
   635 | D:2      | Noticed a scorpion
   643 | D:2      | Killed a scorpion
   644 | D:2      | Reached skill level 1 in Fighting
   644 | D:2      | Reached skill level 2 in Unarmed Combat
   644 | D:2      | Reached XP level 3. HP: 25/33 MP: 0/4
   644 | D:2      | Reached XP level 4. HP: 31/41 MP: 0/5
   724 | D:2      | Found a faded altar of an unknown god.
   733 | D:2      | Prayed at the altar of an unknown god.
   733 | D:2      | Became a worshipper of Dithmenos the Shadowed
   733 | D:2      | Reached * piety under Dithmenos
   874 | D:2      | Noticed Sigmund
   895 | D:2      | Noticed Robin
   896 | D:2      | HP: 1/41 [something (7)]
   908 | D:2      | Killed Sigmund
   909 | D:2      | Reached skill level 3 in Unarmed Combat
   909 | D:2      | Reached XP level 5. HP: 21/49 MP: 5/7
   917 | D:2      | Killed Robin
   918 | D:2      | Reached XP level 6. HP: 31/57 MP: 5/8
  1246 | D:2      | Found Sick's Weapon Emporium.
  1248 | D:2      | Noticed Jessica
  1262 | D:2      | Killed Jessica
  1644 | D:3      | Noticed Ijyb
  1691 | D:3      | Killed Ijyb
  1826 | D:3      | Reached ** piety under Dithmenos
  1895 | D:3      | Noticed an ice beast
  1935 | D:3      | Killed an ice beast
  1936 | D:3      | Reached skill level 4 in Unarmed Combat
  2026 | D:3      | Found an iron altar of Okawaru.
  2691 | D:4      | Reached XP level 7. HP: 33/66 MP: 9/9
  3103 | D:4      | Reached skill level 5 in Unarmed Combat
  3414 | D:5      | Entered Level 5 of the Dungeon
  3614 | D:5      | Noticed Pikel
  3645 | D:5      | Killed Pikel
  3646 | D:5      | Reached skill level 6 in Unarmed Combat
  3646 | D:5      | Reached XP level 8. HP: 30/78 MP: 11/11
  3745 | D:5      | Reached *** piety under Dithmenos
  3933 | D:5      | Learned a level 3 spell: Frozen Ramparts
  3937 | D:5      | Learned a level 3 spell: Ozocubu's Armour
  4039 | D:5      | Reached skill level 5 in Ice Magic
  4423 | D:6      | Reached skill level 7 in Unarmed Combat
  4636 | D:6      | Reached XP level 9. HP: 68/85 MP: 12/12
  4693 | D:6      | Found a staircase to the Ecumenical Temple.
  4707 | D:6      | Noticed a troll
  4716 | D:6      | Killed a troll
  4717 | D:6      | Reached skill level 8 in Unarmed Combat
  5146 | D:6      | Found Cusm's Armour Shoppe.
  5446 | D:6      | Found a runed translucent door.
  5447 | D:6      | Noticed Crazy Yiuf
  5453 | D:6      | Killed Crazy Yiuf
  5538 | D:6      | Reached skill level 5 in Fighting
  5747 | D:7      | Reached skill level 9 in Unarmed Combat
  5880 | D:7      | Noticed an angel
  6003 | D:7      | Found a shimmering altar of Xom.
  6005 | D:7      | Found a glowing silver altar of Zin.
  6135 | D:7      | Reached **** piety under Dithmenos
  6638 | D:8      | Reached XP level 10. HP: 40/96 MP: 5/14
  7112 | D:7      | Reached skill level 10 in Unarmed Combat
  7131 | D:9      | Noticed a two-headed ogre
  7145 | D:9      | Killed a two-headed ogre
  7502 | D:9      | Reached ***** piety under Dithmenos
  7648 | D:9      | Noticed Prince Ribbit
  7659 | D:9      | Killed Prince Ribbit
  7687 | D:9      | Found a runed translucent gate.
  7687 | D:9      | Found a runed translucent gate.
  7687 | D:9      | Found a runed translucent gate.
  7688 | D:9      | Noticed Skeral's ghost (novice FeCA)
  7688 | D:9      | Noticed a ten-headed hydra
  7887 | D:9      | Paralysed by a hornet for 3 turns
  7905 | D:9      | Reached skill level 11 in Unarmed Combat
  8056 | D:9      | Identified the +1 leather armour of Snakes and Ladders
                  | {Rampage}
  8080 | D:9      | Mangled by a merfolk

Illustrated notes

Levels and vault maps discovered:
D:1:      eino_arrival_water_star, layout_loops_cross, serial_shops, shop
D:2:      layout_basic, serial_shops, shop,
          hellmonk_ecumenical_altar_prayer_group, minmay_gold_behind_fungi,
          uniq_robin, uniq_sigmund, uniq_jessica
D:3:      layout_basic, lemuel_round_altar, minmay_starry_boxes, uniq_ijyb
D:4:      layout_loops_corners
D:5:      layout_loops_cross, uniq_pikel
D:6:      layout_basic, minmay_temple_entry_hall, serial_shops,
          nicolae_shop_back_alley_shop, serial_bayou_pond_c,
          uniq_crazy_yiuf_cottage
D:7:      layout_basic, grunt_temple_overflow_order_and_chaos_1,
          minmay_unpleasant_kobolds
D:8:      layout_rooms, grunt_ministairs_1, ebering_dispersal_statue_hall,
          minivault_21
D:9:      layout_roguey, gammafunk_ghost_hydra_chop, nicolae_two_hexagons,
          roadster_trireme, uniq_prince_ribbit1

Skill      XL: |  1  2  3  4  5  6  7  8  9 10 |
---------------+-------------------------------+-----
Ice Magic      | 3 4 5 6 |  6.1
Unarmed Combat | 2 3 4 6 7 9 11 | 11.2
Fighting       | 1 2 3 4 5 6 |  6.6
Spellcasting   | 2 3 4 |  4.1
Dodging        | |  1.5
Stealth        | |  1.0

Action                     |  1- 3 |  4- 6 |  7- 9 | 10-12 || total
---------------------------+-------+-------+-------+-------++-------
  Melee: Dagger            |    33 |   210 |   143 |       ||   386
         Unarmed           |     5 |    32 |   205 |   107 ||   349
         Punch             |       |     5 |    14 |    10 ||    29
   Cast: Freeze            |     4 |       |     2 |       ||     6
         Frozen Ramparts   |       |       |    11 |    12 ||    23
         Ozocubu's Armour  |       |       |     5 |     4 ||     9
  Evoke: Wand              |       |       |     2 |       ||     2
    Use: Potion            |       |     2 |       |       ||     2
   Stab: Sleeping          |     3 |     3 |     4 |     2 ||    12
         Distracted        |       |       |     1 |     1 ||     2
 Armour: Robe              |    20 |   125 |   244 |    89 ||   478
         Skin              |       |    11 |       |       ||    11
  Dodge: Dodged            |    22 |   113 |   155 |    66 ||   356

Table legend: (Time is in decaauts)
 A = Elapsed time spent in this place.
 B = Non-inter-level travel time spent in this place.
 C = Inter-level travel time spent in this place.
 D = Time resting spent in this place.
 E = Time spent auto-exploring this place.
 F = Levels seen in this place.
 G = Mean time per level.
                   A        B        C        D        E       F      G
               +--------+--------+--------+--------+--------+-----+--------+
         Total |   8004 |   7464 |    540 |    225 |   5480 |   9 |  889.3 |
       Dungeon |   8004 |   7464 |    540 |    225 |   5480 |   9 |  889.3 |
               +--------+--------+--------+--------+--------+-----+--------+

Top non-repeatable levels by time:
     D:6: 1039 daAuts
     D:3: 1018 daAuts
     D:2: 959 daAuts
     D:4: 941 daAuts
     D:9: 935 daAuts
     D:5: 931 daAuts
     D:8: 900 daAuts
     D:1: 655 daAuts
     D:7: 624 daAuts
